 Dungeon Crawl Stone Soup version 0.27.0-66-gdc8fb28755 (webtiles) character file.

Game seed: 7391699642742510759

136 Kinoniko the Slasher (level 4, -2/38 HPs)
             Began as a Draconian Berserker on Aug 20, 2021.
             Was a Believer of Trog.
             Slain by Natasha (7 damage)
             ... on level 2 of the Dungeon.
             The game lasted 00:01:50 (1524 turns).

Kinoniko the Slasher (Draconian Berserker)          Turns: 1524, Time: 00:01:51

Health: -2/38      AC: 10    Str: 20    XL:     4   Next: 98%
Magic:  4/4        EV: 12    Int:  7    God:    Trog [**....]
Gold:   66         SH:  0    Dex: 11    Spells: 3/3 levels left

rFire    + . .     SeeInvis .   a - +0 falchion
rCold    + . .     Faith    .   (no shield)
rNeg     . . .     Spirit   .   (armour unavailable)
rPois    +         Reflect  .   (helmet restricted)
rElec    +         Harm     .   (no cloak)
rCorr    +         Rampage  .   (no gloves)
Will     ++...                  b - +0 pair of boots
Stlth    +.........             (no amulet)
HPRegen  1.12/turn              g - +4 ring of protection
MPRegen  0.09/turn              j - ring of poison resistance

@: resistant, strong-willed, on berserk cooldown, flying, regenerating, slowed,
very slow
A: AC +5, unfitting armour, cold-blooded
a: Renounce Religion, Berserk, Trog's Hand


You were on level 2 of the Dungeon.
You worshipped Trog.
Trog was pleased with you.
You visited 1 branch of the dungeon, and saw 2 of its levels.

You collected 66 gold pieces.

Inventory:

Hand Weapons
 a - a +0 falchion (weapon)
Armour
 b - a +0 pair of boots (worn)
Jewellery
 g - a +4 ring of protection (left hand)
 j - a ring of poison resistance (right hand)
Scrolls
 d - a scroll of amnesia {unknown}
 e - 2 scrolls of identify {unknown}
 f - a scroll of blinking {unknown}
 i - 7 scrolls of noise {unknown}


   Skills:
 - Level 3.2 Fighting
 * Level 5.0 Long Blades
 + Level 3.6 Dodging


You had 3 spell levels left.
You didn't know any spells.
Your spell library was empty.

Dungeon Overview and Level Annotations

Branches:
Dungeon (2/15)

Altars:

Shops:
D:1 ?   D:2 **

Annotations:
D:2 Natasha


Innate Abilities, Weirdness & Mutations

Your plain brown scales are hard. (AC +5)
You cannot fit into any form of body armour.
You are cold-blooded and may be slowed by cold attacks.


Message History

Natasha stares at you and mumbles some strange words.
The magic dart hits you.
You barely miss Natasha. Natasha claws you!
* * * LOW HITPOINT WARNING * * *
You barely miss Natasha. Natasha claws you.
* * * LOW HITPOINT WARNING * * *
Natasha barely misses you.
Unknown command.
It was a potion of resistance.
You feel protected.
Natasha stares at you and mumbles some strange words.
You feel as though you will be slow longer.
It was a potion of flight.
You feel very buoyant.
You fly up into the air.
Natasha barely misses you. Natasha claws you but does no damage.
Unknown command.
You closely miss Natasha. Natasha claws you but does no damage.
Unknown command.
You barely miss Natasha.
Your tail-slap misses Natasha.
Natasha casts a spell.
Natasha completely misses you.
You riposte.
You hit Natasha.
Natasha is lightly wounded.
Unknown command.
You hit Natasha.
Your tail-slap misses Natasha.
Natasha is moderately wounded.
Natasha casts a spell at you. You resist with some effort.
Unknown command.
You miss Natasha.
Natasha is moderately wounded.
Natasha claws you.
* * * LOW HITPOINT WARNING * * *
Natasha misses you.
You riposte.
You barely miss Natasha.
Natasha is moderately wounded.
Your skin crawls.
You feel strong-willed. The white imp gestures at you.
The puff of frost misses you. Natasha claws you!
You die...

#.# #.# ..#...### #.. ...
... ..#....... #.### ..
#.#.#.........##.### ####.#
#.# ......... #.....
.#..#..##.# #......# #..###
........#.###......####..#
#......#.#.5............###
..........@h.............†.
#..#.#†..####.†............
#..............########.###
#.#..†..................##.
..........#####)##.....####.
...#..##..##....)'.....# #.
.. #.. ......##.##.....# ##
. ##. ###.# #.##.##### # .
.... ...#.# #


You could see Natasha and a white imp (summoned).

Vanquished Creatures
  Jessica (D:2)
  Natasha (twice) (D:2)
  A gnoll (D:1)
  2 dart slugs
  2 endoplasms (D:1)
  3 giant cockroaches
  5 hobgoblins
  3 jackals (D:2)
  8 kobolds
  2 quokkas (D:1)
  6 ball pythons
  5 bats
  2 frilled lizards (D:2)
  4 goblins
  2 rats
48 creatures vanquished.

Vanquished Creatures (others)
  4 toadstools (D:1)
4 creatures vanquished.

Grand Total: 52 creatures vanquished

Notes
Turn   | Place    | Note
-------+----------+-------------------------------------------
     0 | D:1      | Kinoniko the Draconian Berserker began the quest for the
                  | Orb.
     0 | D:1      | Reached XP level 1. HP: 19/19 MP: 1/1
   262 | D:1      | Reached XP level 2. HP: 23/26 MP: 2/2
   561 | D:1      | Reached XP level 3. HP: 31/31 MP: 3/3
   667 | D:1      | Found Xaorihug's Magic Scroll Shop.
   902 | D:2      | Noticed Jessica
   910 | D:2      | Killed Jessica
   911 | D:2      | Reached skill level 4 in Long Blades
   966 | D:2      | Found Zoteral's General Store.
  1020 | D:2      | Noticed Natasha
  1033 | D:2      | Killed Natasha
  1033 | D:2      | Reached ** piety under Trog
  1034 | D:2      | Reached XP level 4. HP: 31/38 MP: 4/4
  1364 | D:2      | Found Kyxtieho's Assorted Antiques.
  1480 | D:2      | Noticed Natasha
  1487 | D:2      | Killed Natasha
  1489 | D:2      | Reached skill level 5 in Long Blades
  1502 | D:2      | Noticed Natasha
  1524 | D:2      | Slain by Natasha

Illustrated notes

Levels and vault maps discovered:
D:1:      ldierk_walled_garden_2, layout_rooms, serial_shops, shop_scrolls
D:2:      minmay_recursive_quarters, layout_basic, serial_shops, shop,
          nicolae_lakefront_shop, shop, shop_fountains, shop,
          palyth_stone_intersect, uniq_natasha, uniq_jessica

Skill      XL: |  1  2  3  4 |
---------------+-------------+-----
Dodging        | 3 |  3.6
Long Blades    | 4 5 |  5.0
Fighting       | |  3.2

Action                   |  1- 3 |  4- 6 || total
-------------------------+-------+-------++-------
Melee: Falchion          |    74 |    71 ||   145
       Tailslap          |    10 |    13 ||    23
Invok: Berserk           |     2 |     2 ||     4
       Trog's Hand       |       |     1 ||     1
  Use: Potion            |       |     2 ||     2
Armor: Skin              |    25 |    33 ||    58
Dodge: Dodged            |    49 |    52 ||   101
       Rpst.: Falchion   |     8 |    14 ||    22
